AoeStats
← heisenberg

Golden Pit

508451006Analyzed
1v1 RM · 9d ago on Sep 22, 2026· 42m 23s· 2 players
Game mode
Random Map
Map size
Tiny (2 player)
Population
200
Speed
Normal
Resources
Standard
Victory
Conquest
Starting age
Dark Age
Ending age
Imperial Age
RankedLock teamsTeams togetherTeam positionsShared explorationLock speedFull tech treeHidden civsTurbo modeCheats
Victory
Defeat
🇮🇳 Persians · India
1055
+16
🇨🇭 Byzantines · Switzerland
1059
-16
HNT_Cobra
8:23 Loom
10:35 Feudal Age
11:55 Double-Bit Axe
11:53 Horse Collar
14:57 Wheelbarrow
15:17 Scale Barding Armor
20:33 Forging
22:26 Castle Age
20:58 Fletching
27:14 Hand Cart
27:30 Chain Barding Armor
27:08 Town Watch
28:09 Bloodlines
36:32 Imperial Age
34:46 Kamandaran
36:10 Bodkin Arrow
36:52 Iron Casting
38:44 Cavalier
39:25 Husbandry
41:45 Citadels
41:56 Conscription
heisenberg
7:43 Loom
10:28 Feudal Age
11:41 Double-Bit Axe
18:16 Scale Mail Armor
20:57 Castle Age
23:37 Pikeman
26:42 Horse Collar
30:20 Fletching
30:41 Forging
31:59 Wheelbarrow
35:46 Gold Mining
40:22 Imperial Age
38:00 Stone Mining
39:35 Bodkin Arrow
40:17 Iron Casting
39:48 Scale Barding Armor
39:50 Treadmill Crane
40:32 Ballistics
41:43 Conscription
43:03 Chain Barding Armor
Connection lost

Rejoining the realm…

Still unreachable

The connection could not be restored.

Session expired

The server has moved on; the page needs a fresh start.